 Dungeon Crawl Stone Soup version 0.21.0-3-g78d12a8 (webtiles) character file.

676 imganon the Chopper (level 7, -6/52 HPs)
             Began as a Demonspawn Berserker on Jan 7, 2018.
             Was a Priest of Trog.
             Mangled by an ogre
             ... wielding a +0 giant club
              (33 damage)
             ... on level 6 of the Dungeon on Jan 8, 2018.
             The game lasted 00:06:55 (3342 turns).

imganon the Chopper (Demonspawn Berserker)          Turns: 3342, Time: 00:06:56

Health: -6/52      AC:  7    Str: 20    XL:     7   Next: 33%
Magic:  7/7        EV: 12    Int:  8    God:    Trog [***...]
Gold:   194        SH:  0    Dex: 12    Spells: 6/6 levels left

rFire    . . .     SeeInvis +   a - +0 hand axe
rCold    . . .     Gourm    .   (no shield)
rNeg     . . .     Faith    .   m - +0 leather armour (curse)
rPois    .         Spirit   .   (no helmet)
rElec    .         Reflect  .   (no cloak)
rCorr    .         Harm     +   (no gloves)
MR       .....                  t - +0 pair of boots
Stlth    +.........             j - amulet of harm
HPRegen  0.17/turn              b - +3 ring of slaying
MPRegen  0.10/turn              o - ring of see invisible

@: no status effects
A: talons 1, slimy green scales 2, spiny 2
a: Berserk, Trog's Hand, Burn Spellbooks, Renounce Religion


You were on level 6 of the Dungeon.
You worshipped Trog.
Trog was most pleased with you.
You were not hungry.

You visited 1 branch of the dungeon, and saw 6 of its levels.

You collected 194 gold pieces.

Inventory:

Hand Weapons
 a - a +0 hand axe (weapon)
Armour
 m - a cursed +0 leather armour (worn)
 t - a +0 pair of boots (worn)
Jewellery
 b - a +3 ring of slaying (left hand)
 j - an amulet of harm (around neck)
 o - a ring of see invisible (right hand)
 q - an uncursed ring of protection from magic
Wands
 u - a wand of acid (9)
Scrolls
 e - 3 scrolls of remove curse {unknown}
 h - 4 scrolls of teleportation
 k - 3 scrolls of blinking
 l - 2 scrolls of fog {unknown}
 n - a scroll of identify
 p - 3 scrolls of amnesia {unknown}
 v - a scroll of enchant armour {unknown}
 x - 3 scrolls of magic mapping {unknown}
Potions
 d - 2 potions of curing
 i - a potion of resistance
 r - a potion of haste {unknown}
 s - a potion of ambrosia {unknown}
 w - 2 potions of lignification {unknown}
Comestibles
 c - 9 rations
 f - a chunk of flesh


   Skills:
 - Level 3.0 Fighting
 + Level 7.9 Axes
 - Level 1.7 Armour
 - Level 1.7 Dodging


You had 6 spell levels left.
You didn't know any spells.

Dungeon Overview and Level Annotations

Branches:
Dungeon (6/15)
 Temple: D:4-7

Altars:
Cheibriados
Kikubaaqudgha
Ru
Vehumet
Zin

Shops:
D:4 *


Innate Abilities, Weirdness & Mutations

You have sharp toenails.
You are mostly covered in slimy green scales. (AC +3)
You are mostly covered in sharp spines.


Message History

You kill the quokka!
Trog accepts your kill.
No target in view!
No target in view!
You see here a hand crossbow.
An ogre comes into view. It is wielding a giant club.
Found an escape hatch in the floor.
An ogre is nearby!
An ogre is nearby!
The ogre shouts!
The ogre barely misses you.
You barely miss the ogre. You hit the ogre.
The ogre is lightly wounded.
The ogre is struck by your spines. The ogre hits you with a giant club!!
You slash the ogre!
The ogre is heavily wounded.
The ogre hits you with a giant club!!
Ouch! That really hurt!
You die...

#..........#........(.
#...........>.........
#>............รท.......
#...........####..#...
#...........###..###.#
#........)###....#...
#.###..##...#......_.
#..#####......#... #@##
###.#.###.# #O#
#.#..#... ..# #.#......
..## ######. ..# #...
#.. #..## #.# #.# #.
... ###


You could see an ogre.

Vanquished Creatures
  An ogre (D:5)
  A centaur (D:5)
  2 scorpions
  A crimson imp (D:5)
  A hound (D:5)
  2 orc wizards (D:4)
  An orc priest (D:4)
  2 bullfrog skeletons (D:5)
  A worker ant (D:5)
  A hound skeleton (D:4)
  9 adders
  A shadow imp (D:5)
  3 oozes
  An adder skeleton (D:4)
  3 worms
  A dart slug (D:2)
  3 leopard geckos
  3 orcs (D:4)
  A ball python (D:1)
  A giant cockroach (D:3)
  4 goblins
  7 hobgoblins
  3 jackals (D:6)
  2 quokkas
  9 bats
  2 frilled lizards (D:2)
  5 kobolds
  6 rats
77 creatures vanquished.

Notes
Turn   | Place    | Note
-------+----------+-------------------------------------------
     0 | D:1      | imganon the Demonspawn Berserker began the quest for the Orb.
     0 | D:1      | Reached XP level 1. HP: 18/18 MP: 1/1
    61 | D:1      | Reached skill level 3 in Axes
    97 | D:1      | Found a snail-covered altar of Cheibriados.
   138 | D:1      | Gained mutation: You are partially covered in slimy green scales. (AC +2) [demonic ancestry]
   138 | D:1      | Reached XP level 2. HP: 15/24 MP: 2/2
   697 | D:2      | Gained mutation: You have sharp toenails. [demonic ancestry]
   697 | D:2      | Reached XP level 3. HP: 25/29 MP: 3/3
   797 | D:2      | Reached ** piety under Trog
   804 | D:2      | Reached skill level 4 in Axes
   954 | D:2      | Found an ancient bone altar of Kikubaaqudgha.
  1065 | D:2      | Found a sacrificial altar of Ru.
  1084 | D:2      | Found a snail-covered altar of Cheibriados.
  1352 | D:3      | Reached XP level 4. HP: 35/35 MP: 4/4
  1971 | D:4      | Found Homi's Assorted Antiques.
  2009 | D:4      | Reached skill level 5 in Axes
  2009 | D:4      | Gained mutation: You are mostly covered in slimy green scales. (AC +3) [demonic ancestry]
  2009 | D:4      | Reached XP level 5. HP: 18/41 MP: 5/5
  2545 | D:4      | Reached skill level 6 in Axes
  2594 | D:4      | Reached *** piety under Trog
  2594 | D:4      | Gained mutation: You are partially covered in sharp spines. [demonic ancestry]
  2594 | D:4      | Reached XP level 6. HP: 43/47 MP: 6/6
  2706 | D:5      | Entered Level 5 of the Dungeon
  2779 | D:5      | Reached skill level 7 in Axes
  2820 | D:5      | Gained mutation: You are mostly covered in sharp spines. [demonic ancestry]
  2820 | D:5      | Reached XP level 7. HP: 27/52 MP: 7/7
  3250 | D:5      | Upgraded the game from 0.21.0 to 0.21.0-3-g78d12a8
  3284 | D:6      | Found a glowing silver altar of Zin.
  3301 | D:6      | Found a radiant altar of Vehumet.
  3342 | D:6      | Mangled by an ogre

Skill      XL: |  1  2  3  4  5  6 |
---------------+-------------------+-----
Axes           | 3 4 5 6 7 |  7.9
Fighting       | |  3.0
Armour         | |  1.7
Dodging        | |  1.7

Action                   |  1- 3 |  4- 6 |  7- 9 || total
-------------------------+-------+-------+-------++-------
Melee: Hand axe          |    91 |    79 |    16 ||   186
       Kick              |     5 |    10 |       ||    15
Invok: Berserk           |     2 |     1 |       ||     3
       Burn Spellbooks   |       |     1 |       ||     1
  Use: Potion            |     1 |       |       ||     1
       Scroll            |       |       |     5 ||     5
 Stab: Sleeping          |       |     1 |       ||     1
  Eat: Chunk             |     2 |     3 |     2 ||     7
       Ration            |       |     1 |       ||     1
Armor: Animal skin       |    21 |       |       ||    21
       Leather armour    |       |    20 |     2 ||    22
Dodge: Dodged            |    56 |    46 |     6 ||   108
